Map: Catalyst LE

Players

IagoAbreu

  • Race: Zerg Zerg
  • League: Silver
  • Spawn Location: 5:00

Alex - Winner!

  • Race: Zerg Zerg
  • League: Silver
  • Spawn Location: 11:00

VOD

Have the link to the VOD?

Description

Time

  • Played on: March 2, 2018, 11:28 a.m.
  • Length: 28:37
Show
View Real Time Build Order
Export as new Build Order

IagoAbreu Zerg 

Build Orders: Pool First, Lurkers, Zergling Baneling 

Get SALT Encoding   

  12  0:19  Spawning Pool  
  11  0:22  Drone  
  11  0:27  Drone  
  13  0:32  Drone  
  14  0:40  Overlord  
  14  0:50  Overlord  
  14  1:10  Zergling x4  
  16  1:18  Drone  
  17  1:28  Extractor  
  17  1:31  Extractor  
  15  1:36  Zergling x2  
  16  1:47  Hatchery  
  15  1:50  Drone  
  16  2:05  Drone x2  
  18  2:28  Zergling x4  
  18  2:29  Queen  
  22  2:39  Baneling Nest  
  21  3:02  Zergling x6  
  24  3:05  Drone  
  25  3:34  Baneling  
  25  3:35  Baneling x4  
  23  3:53  Zergling x4  
  23  3:54  Zergling x8  
  23  3:55  Zergling x2  
  27  4:21  Baneling x5  
  27  4:22  Baneling  
  27  4:37  Drone x2  
  27  4:38  Drone  
  30  4:49  Baneling x6  
  23  5:07  Queen  
  23  5:13  Zergling x4  
  24  5:17  Drone  
  24  5:21  Drone  
  26  5:42  Zergling x6  
  29  6:16  Lair  
  29  6:33  Spine Crawler  
  29  6:35  Spine Crawler  
  27  7:28  Hatchery  
  26  7:38  Zergling x4  
  28  7:48  Overlord  
  28  7:49  Overlord x5  
  28  7:58  Spire  
  27  8:03  Hydralisk Den  
  26  8:14  Drone x2  
  26  8:15  Drone x2  
  30  9:08  Burrow  
  30  9:23  Hydralisk x2  
  30  9:24  Hydralisk x4  
  34  9:26  Zergling x6  
  45  9:51  Zerg Flyer Weapons Level 1  
  45  9:55  Drone x3  
  45  9:56  Drone x2  
  50  10:01  Drone  
  51  10:25  Lurker Den  
  50  11:37  Corruptor x3  
  50  11:38  Hydralisk x5  
  66  11:41  Overlord x2  
  66  11:42  Overlord x4  
  66  12:12  Lurker x3  
  66  12:13  Lurker x2  
  66  12:14  Lurker  
  72  12:23  Zergling x16  
  72  12:27  Baneling  
  72  12:28  Baneling x2  
  72  12:29  Baneling  
  80  12:30  Baneling  
  80  12:32  Baneling  
  80  12:34  Baneling x2  
  80  12:36  Baneling  
  80  12:57  Baneling x5  
  80  12:58  Baneling x6  
  80  12:59  Baneling x4  
  80  13:00  Baneling x2  
  80  13:06  Drone x2  
  82  13:35  Zergling x12  
  82  13:36  Zergling x6  
  91  13:42  Drone x2  
  91  13:44  Drone  
  91  13:46  Drone  
  95  14:16  Spore Crawler  
  94  14:19  Overlord  
  94  14:20  Overlord x4  
  94  14:34  Spore Crawler  
  93  14:44  Hydralisk  
  93  14:45  Hydralisk x3  
  99  14:55  Queen  
  101  15:07  Corruptor  
  101  15:30  Corruptor x3  
  107  16:09  Overlord x3  
  107  16:22  Extractor  
  106  16:26  Extractor  
  106  16:28  Hydralisk x2  
  106  16:29  Hydralisk x5  
  109  18:16  Baneling x26  
  109  18:19  Corruptor x6  
  117  19:16  Overlord x6  
  117  19:29  Infestation Pit  
  116  19:37  Mutalisk x3  
  122  19:38  Mutalisk  
  124  20:06  Hatchery  
  129  20:31  Zergling x10  
  129  20:32  Zergling x14  
  129  20:33  Zergling x6  
  144  20:37  Queen  
  144  20:41  Extractor  
  145  20:44  Extractor  
  144  21:28  Corruptor x2  
  144  21:29  Corruptor x2  
  120  22:29  Hive  
  118  22:31  Zerg Flyer Weapons Level 2  
  118  22:54  Hydralisk x16  
  118  22:56  Hydralisk  
  118  22:57  Hydralisk x3  
  124  23:12  Hatchery  
  116  23:53  Viper  
  119  24:23  Hydralisk x16  
  119  24:31  Extractor  
  119  24:33  Hatchery  
  119  24:34  Extractor  
  110  24:59  Lair  
  110  25:13  Mutalisk x3  
  116  25:15  Hydralisk  
  118  25:33  Zergling x12  
  118  25:34  Zergling x14  
  118  25:35  Zergling x2  
  126  26:00  Nydus Network  
  107  26:06  Drone  
  107  26:07  Baneling x25  
  92  26:19  Hydralisk x4  
  52  26:36  Hydralisk  
  45  26:40  Hydralisk  
  32  27:00  Drone  
Show
View Real Time Build Order
Export as new Build Order

Alex Zerg - Winner!

Build Orders: Pool First 

Get SALT Encoding   

  12  0:18  Spawning Pool  
  11  0:22  Drone  
  11  0:27  Drone  
  13  0:32  Drone  
  14  0:42  Evolution Chamber  
  13  0:44  Drone  
  14  0:52  Extractor  
  14  0:54  Drone  
  14  1:00  Extractor  
  14  1:02  Overlord  
  13  1:07  Zergling x2  
  14  1:22  Zergling x2  
  15  1:35  Drone  
  15  1:37  Queen  
  18  1:42  Spore Crawler  
  18  1:44  Drone  
  18  1:53  Drone  
  19  2:01  Drone  
  20  2:11  Zergling x2  
  21  2:16  Spine Crawler  
  20  2:31  Zergling x2  
  21  2:39  Overlord  
  21  2:42  Zergling x2  
  22  2:49  Overlord  
  22  3:05  Drone x2  
  24  3:07  Drone  
  24  3:09  Metabolic Boost  
  25  3:45  Zergling x4  
  26  3:59  Zergling x2, Drone  
  26  4:00  Roach Warren  
  27  4:08  Lair  
  22  4:18  Zergling x2  
  23  4:34  Zergling x2, Spine Crawler  
  23  4:36  Zergling x2  
  24  4:56  Roach  
  24  4:57  Roach, Zergling x2  
  26  5:07  Spine Crawler  
  25  5:27  Drone x2  
  25  5:28  Drone  
  28  5:29  Spire  
  28  5:34  Spine Crawler  
  26  5:44  Ravager x2  
  28  6:35  Drone  
  29  6:40  Roach  
  29  6:41  Roach  
  33  6:49  Hydralisk Den  
  33  6:52  Drone  
  33  7:10  Overseer  
  33  7:24  Mutalisk, Zergling x2  
  33  7:25  Mutalisk  
  33  7:28  Overlord  
  38  7:34  Lurker Den  
  38  7:36  Muscular Augments  
  37  7:39  Zerg Ground Armor Level 1  
  37  7:49  Drone x2  
  39  7:55  Overseer  
  39  8:14  Mutalisk  
  39  8:15  Corruptor  
  43  8:32  Hatchery  
  42  8:50  Mutalisk, Corruptor  
  42  8:54  Overlord  
  46  9:03  Spore Crawler  
  46  9:08  Zerg Flyer Armor Level 1  
  45  9:28  Mutalisk  
  45  9:30  Corruptor  
  49  9:48  Drone  
  49  9:50  Mutalisk, Drone  
  53  9:56  Drone  
  54  10:09  Spine Crawler  
  53  10:28  Extractor  
  52  10:40  Drone x2  
  54  10:44  Hydralisk x2  
  54  10:47  Mutalisk  
  60  10:51  Overlord  
  60  11:00  Infestation Pit  
  60  11:02  Drone  
  60  11:19  Zerg Flyer Armor Level 2  
  60  11:25  Drone x3  
  62  11:29  Zergling x2  
  64  11:37  Zerg Melee Weapons Level 1  
  64  11:48  Spine Crawler  
  63  12:16  Drone  
  63  12:18  Mutalisk  
  63  12:20  Mutalisk  
  68  12:26  Overlord x2  
  68  12:46  Mutalisk  
  68  12:48  Corruptor  
  72  12:51  Hydralisk  
  74  13:21  Mutalisk  
  74  13:24  Roach, Hydralisk  
  80  13:39  Mutalisk x2  
  84  13:43  Overlord  
  84  13:44  Overlord  
  84  13:54  Hive  
  84  14:22  Zerg Flyer Weapons Level 1  
  84  14:26  Zerg Missile Weapons Level 1  
  84  14:58  Mutalisk x2  
  88  15:01  Mutalisk x2  
  88  15:03  Hydralisk  
  88  15:05  Zergling x2  
  95  15:46  Adrenal Glands  
  95  15:47  Ultralisk Cavern  
  95  15:48  Zergling x4  
  96  16:03  Drone x2  
  99  16:32  Drone  
  99  16:35  Overlord  
  99  16:37  Extractor, Hatchery, Overlord  
  99  16:38  Overlord  
  99  16:39  Chitinous Plating  
  97  16:41  Extractor  
  96  16:53  Extractor  
  95  17:05  Zerg Flyer Armor Level 3  
  93  17:33  Drone x3  
  96  17:42  Lurker  
  91  18:19  Zergling x2  
  92  18:26  Ultralisk  
  98  18:28  Zergling x4  
  98  18:32  Drone  
  98  18:33  Drone x2  
  103  18:46  Overseer  
  103  19:16  Mutalisk x3  
  105  19:22  Drone  
  110  19:25  Zergling x4  
  110  19:26  Zergling x2  
  113  19:32  Drone  
  115  19:38  Drone x3  
  117  20:00  Spine Crawler  
  116  20:08  Spine Crawler  
  116  20:14  Ultralisk  
  121  20:15  Mutalisk, Zergling x2  
  121  20:16  Mutalisk  
  126  20:23  Zerg Melee Weapons Level 2  
  126  20:47  Mutalisk  
  126  20:48  Mutalisk  
  130  20:51  Overlord  
  130  20:52  Overlord  
  130  20:53  Overlord x2  
  130  21:16  Mutalisk  
  130  21:17  Mutalisk x2  
  136  21:51  Mutalisk  
  138  21:56  Ultralisk, Corruptor  
  138  21:57  Mutalisk  
  138  22:00  Zergling x6  
  149  22:27  Mutalisk  
  149  22:28  Mutalisk x2  
  155  22:30  Zergling x6  
  155  22:32  Zergling x4  
  156  23:33  Overseer  
  156  23:35  Overseer  
  156  23:50  Overseer  
  156  23:57  Zergling x2  
  156  24:00  Mutalisk x2  
  161  24:04  Overlord x3  
  161  24:11  Pneumatized Carapace  
  161  24:35  Zerg Flyer Weapons Level 2  
  161  24:38  Zerg Ground Armor Level 2  
  156  25:24  Corruptor x3  
  162  25:32  Grooved Spines  
  162  25:33  Adaptive Talons  
  141  26:40  Corruptor x2  
  141  26:41  Corruptor  
  147  27:35  Zergling x6  
  147  27:37  Zergling x6  
Tags
 
Add a new tag
Caveats
  • Supply blocks, unpowered buildings, or Contaminate may cause inaccurate times.
  • Supply counts are checked every 10 seconds.